 Dungeon Crawl Stone Soup version 0.29.1-4-g47bece8355 (webtiles) character file.

Game seed: 10462704058253320626

417 Anriel the Skirmisher (level 6, -3/34 HPs)
             Began as a Deep Elf Hunter on Dec 8, 2022.
             Was an Initiate of Okawaru.
             Killed from afar by Grinder (10 damage)
             ... with a bolt of dispelling energy
             ... on level 3 of the Dungeon.
             The game lasted 00:17:42 (2693 turns).

Anriel the Skirmisher (Deep Elf Hunter)             Turns: 2693, Time: 00:17:42

Health: -3/34      AC:  4    Str:  8    XL:     6   Next: 61%
Magic:  8/8        EV: 14    Int: 14    God:    Okawaru [......]
Gold:   129        SH:  0    Dex: 20    Spells: 5/5 levels left

rFire   . . .      SeeInvis .   a - +0 shortbow
rCold   . . .      Faith    .   (shield currently unavailable)
rNeg    . . .      Spirit   .   c - +0 leather armour
rPois   .          Reflect  .   (no helmet)
rElec   .          Harm     .   k - +0 cloak
rCorr   .          Rampage  .   (no gloves)
Will    .....                   (no boots)
Stlth   +++.......              (no amulet)
HPRegen 0.11/turn               (no ring)
MPRegen 0.11/turn               (no ring)

@: hasted (expiring), very quick
A: no striking features
a: Renounce Religion


You were on level 3 of the Dungeon.
You worshipped Okawaru.
Okawaru was noncommittal.
You visited 1 branch of the dungeon, and saw 3 of its levels.

You collected 129 gold pieces.

Inventory:

Hand Weapons
 a - a +0 shortbow (weapon)
 e - the +4 dagger "Morg" {pain, Will+ Int+5}
   (You found it on level 3 of the Dungeon)

   In the hands of one skilled in necromantic magic, it inflicts extra damage on
   living creatures.
   Int:       It affects your intelligence (+5).
   Will:      It increases your willpower.
Missiles
 h - 2 throwing nets
Armour
 c - a +0 leather armour (worn)
 k - a +0 cloak (worn)
Wands
 i - a wand of polymorph (8)
Scrolls
 b - 3 scrolls of immolation
Potions
 f - 2 potions of lignification
 g - a potion of berserk rage {unknown}
 j - a potion of haste
 l - a potion of brilliance {unknown}


   Skills:
 - Level 1.5 Fighting
 + Level 8.3 Ranged Weapons
 - Level 5.3 Dodging
 + Level 3.5 Stealth


You had 5 spell levels left.
You didn't know any spells.
Your spell library contained the following spells:

 Spells                   Type           Power      Damage    Failure   Level
 Sandblast                Erth           0%         2d4       38%         1
 Passwall                 Tmut/Erth      0%         N/A       54%         2
 Stone Arrow              Conj/Erth      0%         3d7       77%         3


Dungeon Overview and Level Annotations

Branches:
Dungeon (3/15)

Altars:
Okawaru

Annotations:
D:3 Grinder


Message History

Your +0 leather armour melds into your body.
Your roots penetrate the ground.
Grinder hits you but does no damage.
Fire: a) +0 shortbow
Press: ? - help, Q - select action, (/) - cycle Shift-Dir - straight line, f/p - Grinder
Aim: Grinder, carrying a wand of quicksilver (7) (moderately wounded, 63% to hit)
You shoot an arrow.
The arrow hits Grinder but does no damage.
Grinder is moderately wounded.
Grinder hits you.
* * * LOW HITPOINT WARNING * * *
You writhe in agony.
* * * LOW HITPOINT WARNING * * *
Fire: a) +0 shortbow
Press: ? - help, Q - select action, (/) - cycle Shift-Dir - straight line, f/p - Grinder
Aim: Grinder, carrying a wand of quicksilver (7) (moderately wounded, 63% to hit)
You shoot an arrow. The arrow barely misses Grinder.
Grinder blinks!
Fire: a) +0 shortbow
Press: ? - help, Q - select action, (/) - cycle Shift-Dir - straight line, f/p - Grinder
Aim: Grinder, carrying a wand of quicksilver (7) (moderately wounded, 63% to hit)
You shoot an arrow. The arrow hits Grinder!
Grinder is heavily wounded.
Grinder zaps a wand.
The bolt of dispelling energy hits you!
Your magical effects are unravelling.
* * * LOW HITPOINT WARNING * * *
It was a potion of haste.
You feel yourself speed up.
You feel less wooden.
Your +0 cloak unmelds from your body.
Your +0 leather armour unmelds from your body.
Grinder blinks!
It was a potion of curing.
You feel better.
Okay, then.
Fire: a) +0 shortbow
Press: ? - help, Q - select action, (/) - cycle Shift-Dir - straight line, f/p - Grinder
Aim: Grinder, carrying a wand of quicksilver (6) (heavily wounded, 63% to hit)
You shoot an arrow. The arrow hits Grinder.
Grinder is severely wounded.
Grinder zaps a wand.
The bolt of dispelling energy hits you!
Your magical effects are unravelling.
You die...

### ...
######...
...
#........
..# #.#
... #5#
... #.#
>.. #@#
..( #.#
.. #.# .#
#.### #
#...#
###.# #.#
.. #†#
... #.#
....


You could see Grinder.

Vanquished Creatures
  Sigmund (D:2)
  Crazy Yiuf (D:3)
  Jessica (D:3)
  Natasha (thrice) (D:3)
  An orc wizard (D:3)
  A gnoll (D:1)
  3 adders
  A worm (D:2)
  2 dart slugs
  3 orcs (D:3)
  4 ball pythons
  7 endoplasms
  A giant cockroach (D:3)
  7 goblins
  7 hobgoblins
  4 jackals (D:3)
  3 quokkas (D:1)
  A bat (D:1)
  3 frilled lizards
  2 kobolds (D:1)
  10 rats
66 creatures vanquished.

Vanquished Creatures (others)
  37 plants (D:3)
37 creatures vanquished.

Grand Total: 103 creatures vanquished

Notes
Turn   | Place    | Note
-------+----------+-------------------------------------------
     0 | D:1      | Anriel the Deep Elf Hunter began the quest for the Orb.
     0 | D:1      | Reached XP level 1. HP: 12/12 MP: 3/3
   146 | D:1      | Reached XP level 2. HP: 9/16 MP: 4/4
   594 | D:1      | Reached skill level 6 in Ranged Weapons
   702 | D:1      | Reached XP level 3. HP: 20/20 MP: 5/5
  1017 | D:2      | Found a faded altar of an unknown god.
  1442 | D:2      | Noticed Sigmund
  1453 | D:2      | Killed Sigmund
  1454 | D:2      | Reached skill level 7 in Ranged Weapons
  1454 | D:2      | Reached skill level 5 in Dodging
  1454 | D:2      | Reached XP level 4. HP: 22/25 MP: 6/6
  1454 | D:2      | Reached XP level 5. HP: 26/29 MP: 7/7
  1917 | D:3      | Found the +4 dagger "Morg" {pain, Will+ Int+5}
  2055 | D:3      | Found an iron altar of Okawaru.
  2059 | D:3      | Noticed Jessica
  2067 | D:3      | Killed Jessica
  2068 | D:3      | Reached XP level 6. HP: 20/34 MP: 8/8
  2091 | D:3      | Became a worshipper of Warmaster Okawaru
  2230 | D:3      | Noticed Natasha
  2235 | D:3      | Killed Natasha
  2236 | D:3      | Reached skill level 8 in Ranged Weapons
  2322 | D:3      | Noticed Natasha
  2335 | D:3      | Killed Natasha
  2485 | D:3      | Found a runed translucent door.
  2486 | D:3      | Noticed Crazy Yiuf
  2510 | D:3      | Killed Crazy Yiuf
  2577 | D:3      | Noticed Natasha
  2582 | D:3      | Killed Natasha
  2674 | D:3      | Noticed Grinder
  2688 | D:3      | HP: 2/51 [Grinder/bolt of dispelling energy (11)]
  2693 | D:3      | Killed from afar by Grinder

Illustrated notes

Levels and vault maps discovered:
D:1:      dpeg_arrival_arbitrary_a, layout_basic
D:2:      layout_loops_ring, chequers_ecumenical_altar_simple, uniq_sigmund
D:3:      layout_loops_ring, mainiacjoe_overflow_paths, serial_bayou,
          serial_bayou_crossing, serial_bayou_lagoon_a, serial_bayou_ford_a,
          serial_bayou_pond_d, kennysheep_generic_room_9, uniq_jessica,
          uniq_grinder, uniq_crazy_yiuf_cottage, uniq_natasha

Skill      XL: |  1  2  3  4  5  6 |
---------------+-------------------+-----
Dodging        | 3 5 |  5.3
Ranged Weapons | 6 7 8 |  8.3
Stealth        | 2 3 |  3.5
Fighting       | |  1.5

Action                   |  1- 3 |  4- 6 || total
-------------------------+-------+-------++-------
Melee: Dagger            |       |    11 ||    11
 Fire: Shortbow          |    77 |    87 ||   164
  Use: Scroll            |     2 |     4 ||     6
       Potion            |     1 |     6 ||     7
Armor: Leather armour    |    13 |     9 ||    22
       Skin              |       |     2 ||     2
Dodge: Dodged            |    17 |    28 ||    45
